 Dungeon Crawl Stone Soup version 0.25.1-8-g42b30a86e7 (webtiles) character file.

Game seed: 3228140132072600942

254 hawla the Conjurer (level 5, 0/38 HPs)
             Began as a Draconian Conjurer on Dec 16, 2020.
             Killed by nerve-wracking pain
             ... invoked by Grinder
              (8 damage)
             ... on level 3 of the Dungeon on Dec 17, 2020.
             The game lasted 00:09:11 (3380 turns).

hawla the Conjurer (Draconian Conjurer)             Turns: 3380, Time: 00:09:12

Health: 0/38       AC:  6    Str: 11    XL:     5   Next: 90%
Magic:  2/13       EV: 13    Int: 16    God:
Gold:   190        SH:  0    Dex: 11    Spells: 7/16 levels left

rFire    . . .     SeeInvis .   (no weapon)
rCold    . . .     Gourm    .   (no shield)
rNeg     . . .     Faith    .   (armour unavailable)
rPois    .         Spirit   .   (helmet restricted)
rElec    .         Reflect  .   d - +0 cloak
rCorr    .         Harm     .   (no gloves)
MR       .....                  (no boots)
Stlth    ++........             e - amulet of the acrobat
HPRegen  0.12/turn              (no ring)
MPRegen  0.13/turn              (no ring)

@: no status effects
A: unfitting armour, cold-blooded, AC +5
a: no special abilities


You were on level 3 of the Dungeon.
You were not hungry.

You visited 1 branch of the dungeon, and saw 3 of its levels.

You collected 190 gold pieces.

Inventory:

Missiles
 a - 26 poisoned darts (quivered)
Armour
 d - a +0 cloak (worn)
Jewellery
 e - an amulet of the acrobat (around neck)
Scrolls
 c - a scroll of teleportation
 h - a scroll of enchant weapon {unknown}
 i - 3 scrolls of remove curse {unknown}
Potions
 f - a potion of heal wounds
Comestibles
 b - 6 rations
 g - a chunk of flesh


   Skills:
   Level 3.2 Polearms
 - Level 3.2 Throwing
 - Level 3.6 Dodging
 - Level 2.0 Stealth
 + Level 6.1 Spellcasting
 * Level 6.6 Conjurations
 * Level 5.0 Translocations
   Level 3.6 Invocations


You had 7 spell levels left.
You knew the following spells:

 Your Spells              Type           Power        Failure   Level  Hunger
a - Magic Dart            Conj           ####         1%          1    None
b - Searing Ray           Conj           ####..       1%          2    #......
c - Iskenderun's Mystic   Conj/Tloc      ###.....     12%         4    ####...
d - Blink                 Tloc           N/A          2%          2    #......

Your spell library contained the following spells:

 Spells                   Type           Power        Failure   Level  Hunger
 Conjure Flame            Conj/Fire      ###.....     11%         3    ##.....
 Dazzling Flash           Conj/Hex       ###...       11%         3    ##.....
 Mephitic Cloud           Conj/Pois/Air  ##......     17%         3    ##.....
 Call Imp                 Summ           #.......     21%         2    #......
 Slow                     Hex            #.......     21%         2    #......
 Fulminant Prism          Conj/Hex       ###.......   34%         4    ####...


Dungeon Overview and Level Annotations

Branches:
Dungeon (3/15)

Altars:

Annotations:
D:3 Grinder


Innate Abilities, Weirdness & Mutations

Your plain brown scales are hard. (AC +5)
You cannot fit into any form of body armour.
You are cold-blooded and may be slowed by cold attacks.


Message History

Grinder is severely wounded.
Grinder barely misses you.
You hit Grinder but do no damage.
Grinder is severely wounded.
Grinder barely misses you.
You hit Grinder but do no damage.
Grinder is severely wounded.
Grinder hits you!
You writhe in agony.
You completely miss Grinder.
Grinder is severely wounded.
Grinder barely misses you.
You hit Grinder.
Grinder is almost dead.
Grinder hits you.
You writhe in agony.
* * * LOW HITPOINT WARNING * * *
You barely miss Grinder.
Your tail-slap misses Grinder.
Grinder is almost dead.
Grinder gestures at you. Pain shoots through your body!
You die...

#.........#
#........#
#.........#
#........+
#.........#
#........#
###########
#........# #..
......(..# #.#
#.# #5# #####@#
#.รท.#.###### .
####..........#
.
#.............#
.
#.###.........#
. #.#
########### .
#.# . #.# . #.#
.


You could see Grinder.

Vanquished Creatures
  A jelly (D:3)
  5 adders
  2 oozes
  2 worms
  2 dart slugs
  4 leopard geckos (D:1)
  6 giant cockroaches
  9 goblins
  9 hobgoblins
  5 kobolds
  A quokka (D:3)
  A ball python (D:1)
  9 bats
  3 frilled lizards
  8 rats
67 creatures vanquished.

Notes
Turn   | Place    | Note
-------+----------+-------------------------------------------
     0 | D:1      | hawla the Draconian Conjurer began the quest for the Orb.
     0 | D:1      | Reached XP level 1. HP: 14/14 MP: 3/3
   276 | D:1      | Reached XP level 2. HP: 20/20 MP: 2/5
   280 | D:1      | Learned a level 2 spell: Searing Ray
   889 | D:1      | Reached XP level 3. HP: 26/26 MP: 5/7
  1162 | D:2      | Reached skill level 1 in Throwing
  1726 | D:2      | Reached XP level 4. HP: 33/33 MP: 5/9
  1732 | D:2      | Learned a level 4 spell: Iskenderun's Mystic Blast
  2338 | D:3      | Reached XP level 5. HP: 38/38 MP: 9/13
  2467 | D:3      | Learned a level 2 spell: Blink
  2472 | D:3      | Reached skill level 5 in Translocations
  3357 | D:3      | Noticed Grinder
  3372 | D:3      | Paralysed by Grinder for 2 turns
  3380 | D:3      | Killed from afar by Grinder

Illustrated notes

Levels and vault maps discovered:
D:1:      minmay_arrival_hallway, layout_basic, hangedman_decor_opposing
D:2:      layout_basic
D:3:      wad_crossroads, layout_basic, first_ration, uniq_grinder

Skill      XL: |  1  2  3  4  5 |
---------------+----------------+-----
Spellcasting   | 3 6 |  6.1
Stealth        | 2 |  2.0
Throwing       | 1 3 |  3.2
Polearms       | 3 |  3.2
Dodging        | 3 |  3.6
Conjurations   | 6 |  6.6
Translocations | 4 5 |  5.0
Invocations    | 3 |  3.6

Action                   |  1- 3 |  4- 6 || total
-------------------------+-------+-------++-------
Melee: Unarmed           |    13 |     9 ||    22
       Tailslap          |     2 |       ||     2
 Cast: Magic Dart        |    60 |    49 ||   109
       Searing Ray       |     6 |    13 ||    19
       Blink             |       |     1 ||     1
       Iskenderun's Myst |       |     1 ||     1
  Use: Scroll            |     2 |     2 ||     4
       Potion            |       |     2 ||     2
  Eat: Chunk             |     3 |     5 ||     8
Armor: Skin              |     5 |     4 ||     9
Dodge: Dodged            |    19 |    12 ||    31
